 Dungeon Crawl Stone Soup version 0.26-a0-1120-ga1b6d6fda9 (webtiles) character file.

Game seed: 4453157092258264506

(classic levelgen) 426511 Adamkad1 the Impregnable (level 24, 221/221 HPs)
             Began as a Formicid Fighter on Feb 3, 2019.
             Was the Champion of Nemelex Xobeh.
             Quit the game on level 1 of the Depths on Dec 17, 2020.
             The game lasted 02:35:23 (56087 turns).

Adamkad1 the Impregnable (Formicid Fighter)        Turns: 56087, Time: 02:35:24

Health: 221/221    AC: 32    Str: 32    XL:     24   Next: 98%
Magic:  45/45      EV:  9    Int:  6    God:    Nemelex Xobeh [******]
Gold:   1810       SH: 28    Dex: 10    Spells: 23/23 levels left

rFire    + + .     SeeInvis +   a - +9 quarterstaff "Grom" {vorpal, +Inv rElec rPois MP+9}
rCold    + . .     Faith    .   Q - +0 tower shield
rNeg     + + +     Spirit   .   G - +6 plate armour "Seloiss" {*Corrode +Inv rElec Stlth+}
rPois    +         Reflect  +   (helmet unavailable)
rElec    +         Harm     .   F - scarf {repulsion}
rCorr    +         Rampage  .   T - +1 pair of gloves {Dex+3}
Will     ++...                  o - +0 pair of boots
Stlth    ..........             N - amulet of reflection
HPRegen  0.46/turn              H - ring "Titet" {rElec rPois rF+ rC+ Dex-5}
MPRegen  0.29/turn              B - ring of Lady Luck {rC- rN+++ rCorr Int-3 Dex+2}

@: studying 2 skills, repel missiles
A: permanent stasis, dig shafts and tunnels, four strong arms, antennae 3, slimy
green scales 1, cold resistance 1, fire resistance 1, robust 1, evolution 1
}: 2/15 runes: decaying, serpentine
a: Dig, Shaft Self, Renounce Religion, Evoke Invisibility, Draw Escape, Draw
Destruction, Draw Summoning, Draw Stack, Triple Draw, Deal Four, Stack Five


You were on level 1 of the Depths.
You worshipped Nemelex Xobeh.
Nemelex Xobeh was exalted by your worship.
You visited 9 branches of the dungeon, and saw 42 of its levels.
You visited the Abyss 1 time.
You also visited: Ice Cave and Volcano.

You collected 5723 gold pieces.
You spent 3913 gold pieces at shops.

Inventory:

Hand Weapons
 a - the +9 quarterstaff "Grom" (weapon) {vorpal, +Inv rElec rPois MP+9}
   (You acquired it on level 13 of the Dungeon)

   It inflicts extra damage upon your enemies.
   It insulates you from electricity.
   It protects you from poison.
   It affects your magic capacity (+9).
   It lets you turn invisible.
 b - the +1 arbalest of Bacokh {penet, rC- rN+ Str+3 Dex+5}
   (You bought it in a shop on level 2 of the Orcish Mines)

   Ammo fired by it passes through the targets it hits, potentially hitting all
   targets in its path until it reaches maximum range.
   It affects your strength (+3).
   It affects your dexterity (+5).
   It makes you vulnerable to cold.
   It protects you from negative energy.
 r - the +7 quarterstaff of Vetyinuirob {vorpal, rN+ Will+ Str+3 Int-2}
   (You took it off a deep elf sorcerer on level 3 of the Elven Halls)

   It inflicts extra damage upon your enemies.
   It affects your strength (+3).
   It affects your intelligence (-2).
   It protects you from negative energy.
   It affects your willpower, your defense against some magical effects.
Missiles
 v - 1819 bolts
Armour
 o - a +0 pair of boots (worn)
 F - a scarf of repulsion (worn)
 G - the +6 plate armour "Seloiss" (worn) {*Corrode +Inv rElec Stlth+}
   (You found it on level 6 of the Dungeon)

   It insulates you from electricity.
   It lets you turn invisible.
   It may corrode you when you take damage.
   It makes you more stealthy.
 Q - a +0 tower shield (worn)
 T - a +1 pair of gloves of dexterity (worn)
Jewellery
 h - an uncursed ring of poison resistance
 B - the ring of Lady Luck (right hand) {rC- rN+++ rCorr Int-3 Dex+2}
   (You took it off an ironheart preserver on level 3 of the Vaults)

   [ring of resist corrosion]

   It affects your intelligence (-3).
   It affects your dexterity (+2).
   It makes you vulnerable to cold.
   It renders you almost immune to negative energy.
   It provides partial protection from all sources of acid and corrosion.
 H - the ring "Titet" (left hand) {rElec rPois rF+ rC+ Dex-5}
   (You bought it in a shop on level 3 of the Snake Pit)

   [ring of protection from fire]

   It affects your dexterity (-5).
   It protects you from fire.
   It protects you from cold.
   It insulates you from electricity.
   It protects you from poison.
 L - the amulet of Vanity {rElec Regen+ Str-3 SInv}
   (You found it in an ice cave)

   [amulet of regeneration]

   It affects your strength (-3).
   It insulates you from electricity.
   It lets you see invisible.
   It increases your rate of regeneration.
 N - an amulet of reflection (around neck)
 S - the amulet of Light {rPois Str+3 Int+4}
   (You found it on level 3 of the Vaults)

   [amulet of rage]

   It affects your strength (+3).
   It affects your intelligence (+4).
   It protects you from poison.
 V - an uncursed ring of fire
 W - a +4 ring of evasion
 Y - a +6 ring of dexterity
Wands
 f - a wand of paralysis (5)
 l - a wand of polymorph (8) (quivered)
 n - a wand of iceblast (29)
 y - a wand of digging (8)
 A - a wand of flame (23)
 J - a wand of disintegration (10)
 O - a wand of random effects (21)
 P - a wand of acid (20)
Scrolls
 e - 14 scrolls of remove curse
 i - 4 scrolls of fear
 k - a scroll of summoning
 t - 13 scrolls of amnesia
 u - 5 scrolls of enchant weapon
 w - 8 scrolls of identify
 C - 3 scrolls of acquirement
 D - a scroll of enchant armour
 E - 3 scrolls of silence
 R - 9 scrolls of magic mapping
 X - 6 scrolls of fog
Potions
 d - 6 potions of might
 g - 8 potions of flight
 j - 6 potions of ambrosia
 m - 7 potions of brilliance
 p - 11 potions of heal wounds
 q - 5 potions of resistance
 z - 14 potions of curing
 I - 5 potions of cancellation
 M - 5 potions of mutation
Books
 s - a manual of Necromancy
 K - a manual of Staves
Miscellaneous
 c - a lightning rod (4/4)
 x - a phantom mirror
 U - a phial of floods


   Skills:
 + Level 19.2 Fighting
 + Level 17.8 Staves
 + Level 15.4 Crossbows
 + Level 21.0 Armour
 + Level 18.3 Shields
 * Level 19.9 Invocations


You had 23 spell levels left.
You didn't know any spells.
Your spell library contained the following spells:

 Spells                   Type           Power        Failure   Level
 Apportation              Tloc           0%           87%         1
 Corona                   Hex            0%           87%         1
 Freeze                   Ice            0%           87%         1
 Magic Dart               Conj           0%           87%         1
 Shock                    Conj/Air       0%           87%         1
 Sting                    Tmut/Pois      0%           87%         1
 Call Imp                 Summ           0%           95%         2
 Corpse Rot               Necr/Air       N/A          95%         2
 Ensorcelled Hibernation  Hex/Ice        0%           95%         2
 Passwall                 Tmut/Erth      0%           95%         2
 Poisonous Vapours        Pois/Air       0%           95%         2
 Slow                     Hex            0%           95%         2
 Sublimation of Blood     Necr           0%           95%         2
 Confusing Touch          Hex            0%           99%         3
 Conjure Flame            Conj/Fire      0%           99%         3
 Dazzling Flash           Conj/Hex       0%           99%         3
 Lesser Beckoning         Tloc           0%           99%         3
 Mephitic Cloud           Conj/Pois/Air  0%           99%         3
 Ozocubu's Armour         Ice            0%           99%         3
 Portal Projectile        Hex/Tloc       0%           99%         3
 Static Discharge         Conj/Air       0%           99%         3
 Stone Arrow              Conj/Erth      0%           99%         3
 Summon Guardian Golem    Hex/Summ       0%           99%         3
 Tukima's Dance           Hex            0%           99%         3
 Airstrike                Air            0%           100%        4
 Dispel Undead            Necr           0%           100%        4
 Hailstorm                Conj/Ice       0%           100%        4
 Summon Ice Beast         Ice/Summ       0%           100%        4
 Agony                    Necr           0%           100%        5
 Alistair's Intoxication  Tmut/Pois      0%           100%        5
 Borgnjor's Vile Clutch   Necr/Erth      0%           100%        5
 Excruciating Wounds      Necr           0%           100%        5
 Irradiate                Conj/Tmut      0%           100%        5
 Lightning Bolt           Conj/Air       0%           100%        5
 Silence                  Hex/Air        0%           100%        5
 Summon Demon             Summ           0%           100%        5
 Summon Forest            Summ/Tloc      0%           100%        5
 Summon Mana Viper        Hex/Summ       0%           100%        5
 Freezing Cloud           Conj/Ice/Air   0%           100%        6
 Hydra Form               Tmut           0%           100%        6
 Invisibility             Hex            0%           100%        6
 Shadow Creatures         Summ           N/A          100%        6
 Statue Form              Tmut/Erth      0%           100%        6
 Dragon Form              Tmut           0%           100%        7
 Haunt                    Necr/Summ      0%           100%        7
 Borgnjor's Revivificati  Necr           0%           100%        8
 Ignition                 Fire           0%           100%        8
 Infestation              Necr           0%           100%        8
 Necromutation            Tmut/Necr      0%           100%        8
 Death's Door             Necr           0%           100%        9
 Dragon's Call            Summ           0%           100%        9
 Shatter                  Erth           0%           100%        9
 Tornado                  Air            0%           100%        9
 Blink                    Tloc           Unusable     N/A         2
 Swiftness                Air            Unusable     N/A         2

Dungeon Overview and Level Annotations

Branches:
Dungeon (15/15)            Temple (1/1) D:5            Lair (6/6) D:9
  Swamp (4/4) Lair:4        Snake (4/4) Lair:4        Slime (0/5) Lair:6
    Orc (2/2) D:9             Elf (3/3) Orc:2        Vaults (5/5) D:13
  Crypt (0/3) Vaults:2     Depths (2/5) D:15

Altars:
Ashenzari
Cheibriados
Dithmenos
Elyvilon
Fedhas
Gozag
Hepliaklqana
Kikubaaqudgha
Makhleb
Nemelex Xobeh
Okawaru
Qazlal
Ru
Sif Muna
Trog
Uskayaw
Vehumet
Wu Jian
Xom
Yredelemnul
Zin
The Shining One

Shops:
D:7 [   D:12 (   D:13 :   Orc:2 :!(![   Elf:2 [}x[?   Snake:3 =   Vaults:3 x*(
Vaults:4 [   Depths:2 *?}=}::

Portals:
Hell: Depths:1 Depths:2
Trove: D:14 (give 18 potions of curing)

Annotations:
D:3 4 runed translucent doors, Crazy Yiuf; guttsta's ghost, amateur HaBe
D:4 3 runed translucent doors, brucemayne's ghost, amateur HOMo
Depths:2 1 runed translucent door


Innate Abilities, Weirdness & Mutations

You cannot be hasted, slowed, berserked, paralysed or teleported.
You can dig through walls and to a lower floor.
Your four strong arms can wield two-handed weapons with a shield.
You have a pair of large antennae on your head. (SInv)
You are partially covered in slimy green scales. (AC +2)
Your flesh is cold resistant. (rC+)
Your flesh is heat resistant. (rF+)
You are robust. (+10% HP)
You evolve.


Message History

Welcome back, Adamkad1 the Formicid Fighter.
Nemelex Xobeh says: It's all in the cards!
Press ? for a list of commands and other information.
Hit: a) +9 quarterstaff "Grom" {vorpal, +Inv rElec rPois MP+9}
Press: ? - help, Dir - move target, f - you
Okay, then.
You don't know any spells.
Unknown command.
Unknown command.
Char dumped successfully.
Inscribe which item? (? for menu, Esc to quit)
Okay, then.
Hit: a) +9 quarterstaff "Grom" {vorpal, +Inv rElec rPois MP+9}
Press: ? - help, Dir - move target, f - you
Okay, then.
Okay, then.
Are you sure you want to abandon this character and quit the game? (Confirm with "yes".)
Okay, then.
Unknown command.
Are you sure you want to abandon this character and quit the game? (Confirm with "yes".)

..##..##..#.......#..#
.##.}..##.##......(..####
.#..##.'[..#............##
.#..##.###.#.............#
.##......#.#.....[.....#.#
#.##'#.∩.#..............##
#..#.#..######........###
##...#### ##.........##
##.########....@......##
#..[..............##.(#
#######...............#
######..........###
#..###.........##.# ###
##..#...........÷## ### #
..########.............#####.####
....##.##.....#.......####..#....
.........##...#.(......#.(.......


There were no monsters in sight!

Vanquished Creatures
  Boris (Vaults:4)
  Sojobo (Vaults:4)
  Jory (Vaults:4)
  Nikola (Snake:1)
  A tentacled monstrosity (Vaults:3)
  A titan (Vaults:3)
  2 deep elf blademasters
  A deep elf master archer (Elf:3)
  An Executioner (Abyss:2)
  5 tentacled starspawn (Abyss:2)
  Kirke (Swamp:3)
  2 thorn hunters
  Roxanne (D:14)
  2 tengu reavers (Vaults:4)
  2 frost giants (Depths:1)
  10 nagarajas
  4 fire giants
  An azure jelly (Vaults:4)
  9 vault wardens
  15 deep elf sorcerers
  A caustic shrike zombie (Depths:1)
  8 stone giants
  8 ironheart preservers
  5 deep elf elementalists (Elf:3)
  4 entropy weavers
  7 very ugly things
  Nessos (D:14)
  4 deep elf demonologists (Elf:3)
  The ghost of Ycojonko the Fighter, a journeyman GnWn of Xom (D:13)
  A dire elephant (Vaults:3)
  Azrael (Snake:1)
  10 deep elf annihilators
  3 ettins
  3 deep elf death magi
  A crystal guardian (Vaults:4)
  Snorg (Lair:3)
  2 fire dragons
  7 deep elf high priests
  12 ogre magi
  Josephine (D:10)
  5 yaktaur captains
  10 vault guards
  5 great orbs of eyes
  Harold (D:10)
  7 ice dragons
  14 naga warriors
  Fannar (D:12)
  19 hydras
  5 rakshasas
  A caustic shrike simulacrum (Depths:1)
  5 ghost crabs
  8 centaur warriors
  4 catoblepae (Lair:6)
  A shambling mangrove (Swamp:3)
  2 queen ants (Lair:6)
  27 dancing weapons
  4 deep troll shamans
  7 anacondas
  2 vampire magi
  33 two-headed ogres
  2 death knights (Vaults:2)
  A deep troll earth mage (Vaults:3)
  2 tengu warriors (D:15)
  14 alligators
  Urug (Lair:2)
  8 death yaks
  12 naga sharpshooters
  2 thrashing horrors (Abyss:2)
  6 shock serpents
  2 spriggan berserkers (Depths:2)
  24 deep elf knights
  A wretched star (Abyss:2)
  Sonja (Lair:1)
  A shadow wraith (Vaults:4)
  6 skeletal warriors
  A sea snake (shapeshifter) (D:13)
  An unseen horror (shapeshifter) (Depths:1)
  3 salamander mystics
  6 wizards
  A glowing orange brain (Vaults:1)
  3 naga ritualists
  An unseen horror (D:6)
  4 deep trolls
  14 deep elf archers
  5 large abominations (Abyss:2)
  A phantasmal warrior (Vaults:4)
  A shadow dragon zombie (D:15)
  3 lindwurms
  8 ironbrand convokers
  4 harpies
  10 swamp dragons
  5 orc knights
  4 orc sorcerers
  63 deep elf magi
  2 necromancers
  5 mana vipers
  A manticore (Lair:6)
  5 wolf spiders
  6 cyclopes
  A fire giant zombie (D:15)
  29 ugly things
  6 salamanders
  A sphinx skeleton (D:15)
  A moth of wrath (Vaults:4)
  An apocalypse crab (Abyss:2)
  An ice statue (IceCv)
  19 elephants
  A black mamba (shapeshifter) (Vaults:2)
  27 black mambas
  A molten gargoyle (Volcano)
  A guardian serpent (Snake:1)
  2 torpor snails
  6 vault sentinels
  A smoke demon (Abyss:2)
  Psyche (D:8)
  2 gargoyles (D:15)
  18 naga magi
  5 rime drakes
  17 cane toads
  A rime drake (shapeshifter) (Vaults:4)
  5 freezing wraiths
  An efreet (D:15)
  6 kobold demonologists
  4 komodo dragons
  A guardian mummy (D:15)
  44 yaktaurs
  4 hellwings (Abyss:2)
  An ancient zyme (Abyss:2)
  A yaktaur (shapeshifter) (Vaults:1)
  4 small abominations
  A meliai (shapeshifter) (Vaults:2)
  2 polar bears
  A troll (shapeshifter) (Depths:2)
  17 trolls
  4 tyrant leeches
  15 hornets
  5 raiju (Abyss:2)
  2 dream sheep
  18 blink frogs
  A blink frog (shapeshifter) (Depths:2)
  24 slime creatures
  12 removed hippogriffs
  7 bog bodies
  A fire giant simulacrum (Vaults:2)
  A snapping turtle (Vaults:1)
  A redback (shapeshifter) (Vaults:3)
  3 air elementals
  4 shadows
  6 spriggans
  A shapeshifter (Vaults:3)
  A tarantella (shapeshifter) (Depths:1)
  Sigmund (D:6)
  4 redbacks
  A spriggan (shapeshifter) (Depths:1)
  A vampire (D:14)
  2 wyverns
  3 water elementals (Depths:1)
  6 wraiths
  49 yaks
  3 humans
  6 fire bats (Volcano)
  8 fire elementals
  A hog (shapeshifter) (Depths:2)
  6 hogs
  A spriggan simulacrum (Depths:1)
  A basilisk (shapeshifter) (Depths:2)
  3 basilisks
  14 vampire mosquitoes
  A removed hungry ghost (D:15)
  19 insubstantial wisps
  60 nagas
  18 swamp worms
  3 acid dragons
  5 wargs
  5 soldier ants
  8 removed porcupines
  A hell hound (Snake:1)
  13 water moccasins
  15 swamp drakes
  A water moccasin (shapeshifter) (Vaults:2)
  2 sky beasts
  An ice beast (shapeshifter) (D:15)
  18 ice beasts
  An eye of draining (shapeshifter) (Vaults:3)
  A black bear (D:6)
  3 phantoms
  A hornet zombie (D:14)
  36 ogres
  19 orc warriors
  3 eyes of draining
  2 necrophages
  8 wolves
  15 boggarts
  15 centaurs
  15 removed crocodiles
  9 big kobolds
  13 bullfrogs
  5 earth elementals
  A yaktaur zombie (D:15)
  2 wyvern zombies
  2 scorpions
  A wyvern skeleton (D:11)
  6 killer bees
  6 electric eels
  14 wights
  2 howler monkeys (D:14)
  14 crimson imps
  2 centaur zombies
  7 lava snakes (Volcano)
  8 starcursed masses (Abyss:2)
  7 hounds
  A quasit (Abyss:2)
  A bullfrog zombie (D:5)
  A bullfrog skeleton (D:9)
  4 centaur skeletons
  10 orc priests
  9 jellies
  21 orc wizards
  Jessica (D:2)
  20 worker ants
  2 killer bee zombies
  2 hound skeletons
  A howler monkey zombie (D:5)
  A worker ant zombie (D:11)
  8 gnolls
  12 adders
  4 shadow imps
  3 white imps
  4 oozes
  3 adder skeletons
  3 worms
  A ball lightning (Vaults:4)
  A dart slug (D:5)
  2 leopard geckos
  83 orcs
  4 ball pythons
  4 giant cockroaches
  7 goblins
  10 hobgoblins
  12 iguanas
  13 jackals
  26 kobolds
  7 quokkas
  8 bats
  4 frilled lizards
  A jackal skeleton (D:6)
  A jackal zombie (D:5)
  8 rats
  13 briar patches (Swamp:3)
  3 fungi
  2 plants
  A starspawn tentacle (Abyss:2)
1704 creatures vanquished.

Vanquished Creatures (collateral kills)
  The ghost of Ciwnetz the Metallomancer, an adept GrEE of Vehumet (Vaults:3)
  Xtahua (Vaults:4)
  Rupert (Snake:1)
  A deep elf sorcerer (Elf:3)
  An ironheart preserver (Vaults:3)
  A very ugly thing (Vaults:3)
  A minotaur (D:13)
  A red draconian (Volcano)
  A centaur warrior (Vaults:3)
  An alligator (Lair:4)
  An anaconda (Snake:1)
  4 two-headed ogres
  A death knight (Vaults:3)
  A dancing weapon (Elf:1)
  3 hell knights (Vaults:3)
  A shadow wraith (Vaults:3)
  An unseen horror (D:11)
  A deep troll (Vaults:3)
  A swamp dragon (Swamp:1)
  A deep elf archer (Elf:1)
  3 necromancers (Vaults:3)
  An orc knight (Vaults:1)
  A mana viper (Snake:1)
  An oklob plant (Lair:6)
  An ugly thing (Vaults:3)
  A deep elf mage (Elf:1)
  An ice statue (IceCv)
  4 vault sentinels
  A komodo dragon (Lair:4)
  2 yaktaurs
  9 slime creatures
  3 yaks (Lair:6)
  A basilisk (Lair:6)
  A fire elemental (Snake:1)
  A removed hungry ghost (D:11)
  2 nagas (Snake:1)
  2 swamp worms (Swamp:1)
  A hell hound (Snake:1)
  3 orc warriors
  An ice beast (IceCv)
  2 ogres
  A boggart (Vaults:1)
  A bullfrog (D:13)
  2 howler monkeys (D:11)
  A human simulacrum (Vaults:3)
  An orc wizard (D:12)
  A worker ant (Lair:6)
  An adder (D:11)
  A white imp (Vaults:3)
  An orc (D:11)
  A quokka (D:11)
78 creatures vanquished.

Vanquished Creatures (others)
  Saint Roka (Vaults:3)
  Margery (Vaults:3)
  A nagaraja (Snake:2)
  A vault warden (Vaults:1)
  An ironheart preserver (Vaults:3)
  A very ugly thing (Vaults:3)
  4 yaktaur captains
  A death knight (Vaults:2)
  A centaur warrior (Vaults:4)
  2 two-headed ogres (Vaults:2)
  An ogre mage (Vaults:2)
  A spriggan (Swamp:3)
  A shock serpent (Snake:2)
  2 deep elf knights
  A deep troll (Vaults:3)
  An ironbrand convoker (Vaults:4)
  6 deep elf archers
  2 mana vipers (Snake:2)
  A cyclops (Vaults:1)
  4 deep elf magi
  7 black mambas
  21 yaktaurs
  A hornet (Swamp:3)
  2 slime creatures (D:12)
  A vampire (D:15)
  2 hogs (Swamp:3)
  3 nagas
  2 boggarts (Depths:1)
  4 ogres
  2 centaurs
  A removed crocodile (Lair:4)
  A scorpion (Lair:4)
  8 ball lightnings
  An orc (Vaults:3)
  A goblin (Orc:2)
  4 fungi
  A lurking horror (Abyss:2)
  8 plants
  8 starspawn tentacles (Abyss:2)
  6 toadstools (D:1)
  A withered plant (D:15)
119 creatures vanquished.

Grand Total: 1901 creatures vanquished

Notes
Turn   | Place    | Note
-------+----------+-------------------------------------------
     0 | D:1      | Adamkad1 the Formicid Fighter began the quest for the Orb.
     0 | D:1      | Reached XP level 1. HP: 18/18 MP: 1/1
   149 | D:1      | Reached XP level 2. HP: 19/24 MP: 2/2
   645 | D:1      | Reached XP level 3. HP: 26/29 MP: 3/3
   983 | D:2      | Noticed Jessica
   986 | D:2      | Killed Jessica
   986 | D:2      | Reached XP level 4. HP: 35/37 MP: 4/4
  1109 | D:2      | Reached skill level 4 in Armour
  1555 | D:3      | Reached XP level 5. HP: 42/42 MP: 5/5
  1588 | D:3      | Found a shimmering altar of Xom.
  1862 | D:3      | Noticed an eye of draining
  1863 | D:3      | Found a bloodstained altar of Trog.
  1863 | D:3      | Noticed an eye of draining
  1876 | D:3      | Killed an eye of draining
  1876 | D:3      | Reached skill level 5 in Shields
  1876 | D:3      | Reached XP level 6. HP: 37/49 MP: 0/6
  1891 | D:3      | Killed an eye of draining
  2043 | D:3      | Found a runed translucent gate.
  2043 | D:3      | Found a runed translucent gate.
  2043 | D:3      | Found a runed translucent gate.
  2057 | D:3      | Reached XP level 7. HP: 42/55 MP: 7/7
  2185 | D:3      | Noticed guttsta's ghost (amateur HaBe)
  2208 | D:3      | Reached skill level 5 in Armour
  2275 | D:3      | Found a runed translucent door.
  2276 | D:3      | Noticed Crazy Yiuf
  2445 | D:3      | Reached skill level 5 in Fighting
  2727 | D:4      | Found a runed translucent gate.
  2728 | D:4      | Found a runed translucent gate.
  2729 | D:4      | Found a runed translucent gate.
  2730 | D:4      | Noticed brucemayne's ghost (amateur HOMo)
  3563 | D:5      | Entered Level 5 of the Dungeon
  3646 | D:5      | Found a sacrificial altar of Ru.
  3656 | D:5      | Reached XP level 8. HP: 51/63 MP: 8/8
  3906 | D:5      | Found a staircase to the Ecumenical Temple.
  3927 | Temple   | Entered the Ecumenical Temple
  4198 | D:5      | Found a shattered altar of Ashenzari.
  4198 | D:5      | Found a hide-covered altar of Uskayaw.
  4199 | D:5      | Found a sparkling altar of Nemelex Xobeh.
  4251 | D:5      | Became a worshipper of Nemelex Xobeh the Trickster
  4560 | D:5      | Received a gift from Nemelex Xobeh
  4775 | D:5      | Reached skill level 6 in Armour
  4876 | D:5      | Reached skill level 5 in Staves
  5481 | D:6      | Got a steaming plate armour
  5512 | D:5      | Identified the +6 plate armour "Seloiss" {*Corrode +Inv
                  | rElec Stlth+} (You found it on level 6 of the Dungeon)
  5635 | D:5      | Gained mutation: You evolve. [potion of mutation]
  5635 | D:5      | Gained mutation: Your flesh is heat resistant. (rF+)
                  | [potion of mutation]
  5672 | D:6      | Reached XP level 9. HP: 57/71 MP: 9/9
  5864 | D:6      | Reached skill level 7 in Armour
  5912 | D:6      | Noticed an unseen horror
  5943 | D:6      | Killed an unseen horror
  6169 | D:6      | Noticed Sigmund
  6180 | D:6      | Killed Sigmund
  6358 | D:7      | Found Lyhiq's Armour Emporium.
  6365 | D:7      | Reached * piety under Nemelex Xobeh
  6452 | D:7      | Found an iron altar of Okawaru.
  6479 | D:7      | Reached XP level 10. HP: 79/80 MP: 10/10
  6501 | D:7      | Reached skill level 8 in Armour
  6533 | D:7      | Gained mutation: You are robust. (+10% HP) [evolution]
  6644 | D:7      | Found a basalt altar of Yredelemnul.
  6722 | D:7      | Found a burning altar of Makhleb.
  6918 | D:8      | Received a gift from Nemelex Xobeh
  7512 | D:8      | Reached ** piety under Nemelex Xobeh
  7605 | D:8      | Noticed Psyche
  7610 | D:8      | Killed Psyche
  8020 | D:8      | Received a gift from Nemelex Xobeh
  8067 | D:9      | Noticed a two-headed ogre
  8372 | D:9      | Reached skill level 1 in Invocations
  8469 | D:9      | Killed a two-headed ogre
  8469 | D:9      | Reached skill level 9 in Armour
  8469 | D:9      | Reached XP level 11. HP: 88/97 MP: 12/12
  8482 | D:9      | Reached skill level 10 in Shields
  8645 | D:9      | Found a staircase to the Orcish Mines.
  8791 | D:9      | Found a staircase to the Lair.
  8988 | D:10     | Entered Level 10 of the Dungeon
  9228 | D:10     | Gained mutation: You are partially covered in iridescent
                  | scales. (AC +2) [evolution]
  9763 | D:11     | Received a gift from Nemelex Xobeh
  9773 | D:11     | Noticed an unseen horror
  9805 | D:11     | Killed an unseen horror
 10004 | D:11     | Reached *** piety under Nemelex Xobeh
 10005 | D:11     | Noticed a purple ugly thing
 10016 | D:11     | Killed a purple ugly thing
 10503 | D:10     | Noticed Harold
 10515 | D:10     | Killed Harold
 10515 | D:10     | Reached skill level 10 in Fighting
 10515 | D:10     | Reached skill level 10 in Armour
 10548 | D:10     | Received a gift from Nemelex Xobeh
 10728 | D:10     | Noticed Josephine
 10730 | D:10     | Reached skill level 5 in Invocations
 10739 | D:10     | Killed Josephine
 10743 | D:10     | Reached XP level 12. HP: 83/106 MP: 16/16
 11001 | D:10     | Received a gift from Nemelex Xobeh
 11376 | D:12     | Found a frozen archway.
 11466 | IceCv    | Entered an ice cave
 11475 | IceCv    | Reached skill level 1 in Crossbows
 11795 | IceCv    | Reached **** piety under Nemelex Xobeh
 12292 | IceCv    | Noticed an ice dragon
 12299 | IceCv    | Noticed an ice dragon
 12316 | IceCv    | Killed an ice dragon
 12327 | IceCv    | Killed an ice dragon
 12619 | IceCv    | Got a warped tin amulet
 12627 | IceCv    | Got an ancient pewter amulet
 12675 | IceCv    | Identified the amulet of Naef {Inacc rPois rC+} (You found
                  | it in an ice cave)
 12676 | IceCv    | Identified the amulet of Vanity {rElec Regen+ Str-3 SInv}
                  | (You found it in an ice cave)
 12765 | D:12     | Received a gift from Nemelex Xobeh
 12825 | D:12     | Found Ducwato's Antique Weapon Boutique.
 12828 | D:12     | Noticed Fannar
 12865 | D:12     | Killed Fannar
 12989 | D:12     | Reached skill level 11 in Armour
 13331 | D:12     | Reached skill level 10 in Staves
 13331 | D:12     | Reached XP level 13. HP: 116/116 MP: 18/18
 13334 | D:12     | Received a gift from Nemelex Xobeh
 13641 | D:13     | Found a runed translucent gate.
 13641 | D:13     | Found a runed translucent gate.
 13642 | D:13     | Found a runed translucent gate.
 13642 | D:13     | Noticed a minotaur
 13644 | D:13     | Noticed Ycojonko's ghost (journeyman GnWn)
 13817 | D:13     | Found Cahotzut's Book Shoppe.
 14339 | D:13     | Noticed an ettin
 14360 | D:13     | Killed an ettin
 14428 | D:13     | Found a gate to the Vaults.
 14636 | D:13     | Killed a minotaur
 14682 | D:13     | Killed Ycojonko's ghost
 14724 | D:13     | Identified a scroll of acquirement
 14727 | D:13     | Got a warped quarterstaff
 14730 | D:13     | Identified the +9 quarterstaff "Grom" {crush, +Inv rElec
                  | rPois MP+9} (You acquired it on level 13 of the Dungeon)
 14904 | Lair:1   | Entered Level 1 of the Lair of Beasts
 15144 | Lair:1   | Noticed Sonja
 15164 | Lair:1   | Killed Sonja
 15229 | Lair:1   | Gained mutation: Your flesh is cold resistant. (rC+)
                  | [evolution]
 15274 | Lair:1   | Received a gift from Nemelex Xobeh
 15485 | Lair:1   | Received a gift from Nemelex Xobeh
 15801 | Lair:2   | Reached ***** piety under Nemelex Xobeh
 15865 | Lair:2   | Noticed Urug
 15883 | Lair:2   | Killed Urug
 15885 | Lair:2   | Received a gift from Nemelex Xobeh
 16123 | Lair:2   | Reached skill level 12 in Armour
 16138 | Lair:2   | Reached XP level 14. HP: 90/126 MP: 20/20
 16803 | Lair:3   | Identified the +6 trident "Vagiaj" {drain, rC+ rN++} (You
                  | found it on level 3 of the Lair of Beasts)
 16822 | Lair:3   | Received a gift from Nemelex Xobeh
 16890 | Lair:3   | Noticed Snorg
 16930 | Lair:3   | Killed Snorg
 17361 | Lair:4   | Found a staircase to the Swamp.
 17457 | Lair:4   | Found a staircase to the Snake Pit.
 17518 | Lair:4   | Received a gift from Nemelex Xobeh
 17677 | Lair:4   | Received a gift from Nemelex Xobeh
 17776 | Lair:4   | Reached skill level 5 in Crossbows
 18637 | Lair:5   | Reached skill level 10 in Invocations
 18684 | Lair:5   | Received a gift from Nemelex Xobeh
 19259 | Lair:5   | Received a gift from Nemelex Xobeh
 19491 | Lair:6   | Entered Level 6 of the Lair of Beasts
 19537 | Lair:6   | Reached ****** piety under Nemelex Xobeh
 19555 | Lair:6   | Reached XP level 15. HP: 134/134 MP: 22/22
 19804 | Lair:6   | Found a staircase to the Slime Pits.
 19947 | Lair:6   | Reached skill level 13 in Armour
 20111 | Lair:6   | Identified the +0 long sword of Ashenzari's Reproof {slice,
                  | rN+ Str+3 SInv}
 20345 | Lair:6   | Received a gift from Nemelex Xobeh
 21299 | Lair:6   | Lost mutation: You are partially covered in iridescent
                  | scales. (AC +2) [evolution]
 21463 | Lair:6   | Upgraded the game from 0.24-a0-41-gf098211c9e to
                  | 0.24-a0-67-ga78bd38d5a
 21609 | Orc:1    | Entered Level 1 of the Orcish Mines
 21863 | Orc:1    | Found a dark tunnel.
 21913 | Volcano  | Entered a volcano
 22231 | Volcano  | Found a radiant altar of Vehumet.
 22266 | Volcano  | Reached XP level 16. HP: 126/144 MP: 24/24
 22510 | Orc:2    | Entered Level 2 of the Orcish Mines
 22826 | Orc:2    | Received a gift from Nemelex Xobeh
 23189 | Orc:2    | Reached skill level 14 in Armour
 23207 | Orc:2    | Found Sieliuw's Antique Armour Shop.
 23217 | Orc:2    | Bought a pair of runed boots for 165 gold pieces
 23228 | Orc:2    | Bought an ichor-stained scale mail for 198 gold pieces
 23228 | Orc:2    | Identified the +3 scale mail of Plog {rC- Str+4 Int+5} (You
                  | bought it in a shop on level 2 of the Orcish Mines)
 23973 | Orc:2    | Found Fihito's Book Shoppe.
 23974 | Orc:2    | Found Nohan's Distillery.
 24086 | Orc:2    | Found Nevvux's Antique Weapon Boutique.
 24095 | Orc:2    | Found Ihebryoco's Distillery.
 24099 | Orc:2    | Bought a potion of heal wounds for 75 gold pieces
 24099 | Orc:2    | Bought a potion of curing for 45 gold pieces
 24099 | Orc:2    | Bought a potion of heal wounds for 75 gold pieces
 24099 | Orc:2    | Bought 2 potions of curing for 90 gold pieces
 24099 | Orc:2    | Bought a potion of curing for 45 gold pieces
 24099 | Orc:2    | Bought a potion of curing for 45 gold pieces
 24105 | Orc:2    | Bought a crude arbalest for 313 gold pieces
 24105 | Orc:2    | Identified the cursed +1 arbalest of Bacokh {penet, rC- rN+
                  | Str+3 Dex+5} (You bought it in a shop on level 2 of the
                  | Orcish Mines)
 24115 | Orc:2    | Bought a potion of curing for 42 gold pieces
 24115 | Orc:2    | Bought 2 potions of heal wounds for 140 gold pieces
 24115 | Orc:2    | Bought a potion of curing for 42 gold pieces
 24115 | Orc:2    | Bought a potion of resistance for 140 gold pieces
 24115 | Orc:2    | Bought a potion of curing for 42 gold pieces
 24223 | Orc:2    | Found a staircase to the Elven Halls.
 24596 | D:14     | Received a gift from Nemelex Xobeh
 24601 | D:14     | Noticed Roxanne
 24654 | D:14     | Noticed Nessos
 24665 | D:14     | Killed Nessos
 24928 | D:14     | Found a sparkling altar of Nemelex Xobeh.
 25178 | D:14     | Reached skill level 15 in Armour
 25385 | D:14     | Found a portal to a secret trove of treasure.
 25429 | D:14     | Received a gift from Nemelex Xobeh
 25538 | D:14     | Killed Roxanne
 25583 | D:15     | Entered Level 15 of the Dungeon
 25660 | D:15     | Reached XP level 17. HP: 147/154 MP: 25/26
 25766 | D:15     | Found a staircase to the Depths.
 26021 | D:15     | Received a gift from Nemelex Xobeh
 26968 | Swamp:1  | Entered Level 1 of the Swamp
 27443 | Swamp:1  | Received a gift from Nemelex Xobeh
 27909 | Swamp:1  | Received a gift from Nemelex Xobeh
 28370 | Swamp:2  | Reached skill level 16 in Armour
 28414 | Swamp:2  | Noticed a thorn hunter
 28438 | Swamp:1  | Killed a thorn hunter
 28942 | Swamp:2  | Found an ornate altar of the Wu Jian Council.
 29126 | Swamp:2  | Reached skill level 10 in Crossbows
 29369 | Swamp:2  | Got a pitted ring mail
 29380 | Swamp:2  | Identified the +3 ring mail "Dyivofedd" {Str+9 Dex-2
                  | Stlth+} (You found it on level 2 of the Swamp)
 29482 | Swamp:3  | Received a gift from Nemelex Xobeh
 29550 | Swamp:3  | Reached skill level 15 in Fighting
 29550 | Swamp:3  | Reached skill level 15 in Shields
 29695 | Swamp:3  | Noticed Kirke
 29710 | Swamp:3  | Killed Kirke
 29710 | Swamp:3  | Reached XP level 18. HP: 153/163 MP: 28/28
 29969 | Swamp:3  | Received a gift from Nemelex Xobeh
 30349 | Swamp:4  | Entered Level 4 of the Swamp
 30897 | Swamp:4  | Reached skill level 17 in Armour
 31076 | Swamp:4  | Noticed the 27-headed Lernaean hydra
 31100 | Swamp:4  | Noticed an eye of draining shaped Lernaean hydra
 31100 | Swamp:4  | the 27-headed Lernaean hydra changed into an eye of
                  | draining shaped Lernaean hydra
 31106 | Swamp:4  | Killed an eye of draining shaped Lernaean hydra
 31236 | Swamp:4  | Got a decaying rune of Zot
 32034 | Snake:1  | Entered Level 1 of the Snake Pit
 32213 | Snake:1  | Received a gift from Nemelex Xobeh
 32228 | Snake:1  | Noticed Azrael
 32253 | Snake:1  | Killed Azrael
 32253 | Snake:1  | Noticed Rupert
 32266 | Snake:1  | Killed Rupert
 32563 | Snake:1  | Noticed Nikola
 32591 | Snake:1  | Killed Nikola
 32643 | Snake:1  | Received a gift from Nemelex Xobeh
 33330 | Snake:2  | Reached XP level 19. HP: 167/172 MP: 29/29
 33967 | Snake:2  | Received a gift from Nemelex Xobeh
 34072 | Snake:2  | Received a gift from Nemelex Xobeh
 34084 | Snake:2  | Reached skill level 18 in Armour
 34303 | Snake:2  | Found a snail-covered altar of Cheibriados.
 34867 | Snake:3  | Found Sogiapad's Jewellery Shop.
 34874 | Snake:3  | Bought the ring "Titet" {rElec rPois rF+ rC+ Dex-5} for 555
                  | gold pieces
 34874 | Snake:3  | Bought a +4 amulet of reflection for 378 gold pieces
 35064 | Snake:3  | Got a sparkling steel ring
 35065 | Snake:3  | Identified the ring of Wisdom {rN++ Str+4 Int+3} (You found
                  | it on level 3 of the Snake Pit)
 35264 | Snake:3  | Received a gift from Nemelex Xobeh
 35298 | Snake:3  | Found an ornate altar of the Wu Jian Council.
 35479 | Snake:3  | Reached skill level 15 in Invocations
 35796 | Snake:4  | Entered Level 4 of the Snake Pit
 36063 | Snake:4  | Received a gift from Nemelex Xobeh
 37183 | Snake:4  | Reached XP level 20. HP: 182/182 MP: 31/31
 37220 | Snake:4  | Reached skill level 15 in Staves
 37237 | Snake:4  | Got a serpentine rune of Zot
 37333 | Snake:4  | Received a gift from Nemelex Xobeh
 37564 | Snake:4  | Received a gift from Nemelex Xobeh
 38297 | Vaults:1 | Entered Level 1 of the Vaults
 38897 | Vaults:1 | Received a gift from Nemelex Xobeh
 39162 | Vaults:1 | Reached skill level 19 in Armour
 39255 | Vaults:1 | Received a gift from Nemelex Xobeh
 40064 | Vaults:2 | Received a gift from Nemelex Xobeh
 40347 | Vaults:2 | Gained mutation: You are partially covered in slimy green
                  | scales. (AC +2) [evolution]
 40871 | Vaults:2 | Reached XP level 21. HP: 184/191 MP: 33/33
 41035 | Vaults:2 | Received a gift from Nemelex Xobeh
 41268 | Vaults:2 | Identified the +10 double sword of Evolution {slice, rF+}
 41335 | Vaults:2 | Found a staircase to the Crypt.
 41747 | Vaults:2 | Received a gift from Nemelex Xobeh
 42542 | Vaults:3 | Noticed Margery
 42558 | Vaults:3 | Killed Margery
 42616 | Vaults:3 | Received a gift from Nemelex Xobeh
 42687 | Vaults:3 | Noticed Saint Roka
 43105 | Vaults:3 | Killed Saint Roka
 43858 | Vaults:3 | Found Emmypium's Food Boutique.
 43910 | Vaults:3 | Found a runed translucent gate.
 43910 | Vaults:3 | Found a runed translucent gate.
 43910 | Vaults:3 | Found a runed translucent gate.
 43911 | Vaults:3 | Noticed Ciwnetz's ghost (adept GrEE)
 43912 | Vaults:3 | Identified the ring of Lady Luck {rCorr rC- rN+++ Int-3
                  | Dex+2}
 43953 | Vaults:3 | Reached XP level 22. HP: 197/200 MP: 34/34
 43988 | Vaults:3 | Found Ippa's Weapon Shoppe.
 44001 | Vaults:3 | Found Roiteh's Assorted Antiques.
 44004 | Vaults:3 | Bought a potion of heal wounds for 215 gold pieces
 44436 | Vaults:3 | Killed Ciwnetz's ghost
 44509 | Vaults:3 | Got a scintillating steel amulet
 44518 | Vaults:3 | Identified the amulet of Light {+Rage rPois Str+3 Int+4}
                  | (You found it on level 3 of the Vaults)
 44579 | Vaults:4 | Noticed Sojobo
 44587 | Vaults:4 | Killed Sojobo
 44876 | Vaults:4 | Reached skill level 20 in Armour
 45122 | Vaults:4 | Received a gift from Nemelex Xobeh
 45484 | Vaults:4 | Noticed Xtahua
 45507 | Vaults:4 | Killed Xtahua
 45896 | Vaults:4 | Received a gift from Nemelex Xobeh
 45898 | Vaults:4 | Noticed Boris
 45903 | Vaults:4 | Noticed Jory
 45913 | Vaults:4 | Killed Boris
 45920 | Vaults:4 | Killed Jory
 46552 | Vaults:4 | Found Warydgh's Armour Emporium.
 46646 | Vaults:5 | Entered Level 5 of the Vaults
 47055 | Elf:1    | Entered Level 1 of the Elven Halls
 47075 | Elf:1    | Reached XP level 23. HP: 171/209 MP: 35/35
 47257 | Elf:1    | Received a gift from Nemelex Xobeh
 48058 | Elf:2    | Found Dekyenu's Magic Scroll Shoppe.
 48090 | Elf:2    | Bought a scroll of identify for 40 gold pieces
 48090 | Elf:2    | Bought a scroll of identify for 40 gold pieces
 48090 | Elf:2    | Bought a scroll of identify for 40 gold pieces
 48090 | Elf:2    | Bought a scroll of identify for 40 gold pieces
 48090 | Elf:2    | Bought a scroll of identify for 40 gold pieces
 48307 | Elf:2    | Found Wuuranur's Antique Armour Emporium.
 48331 | Elf:2    | Bought a bloodstained plate armour for 728 gold pieces
 48331 | Elf:2    | Identified the +5 plate armour of Minor Irritation {Str+3}
                  | (You bought it in a shop on level 2 of the Elven Halls)
 48358 | Elf:2    | Found Tik Ipto's Food Emporium.
 48366 | Elf:2    | Found Mus Soad's Gadget Shoppe.
 48467 | Elf:2    | Found Yqoro's Antique Armour Shop.
 48523 | Elf:2    | Received a gift from Nemelex Xobeh
 48574 | Elf:2    | Found a runed translucent gate.
 48576 | Elf:2    | Found a runed translucent gate.
 48579 | Elf:2    | Found a runed translucent gate.
 49057 | Elf:3    | Entered Level 3 of the Elven Halls
 49081 | Elf:3    | Received a gift from Nemelex Xobeh
 50817 | Elf:3    | Reached XP level 24. HP: 218/218 MP: 36/36
 50909 | Elf:3    | Identified the +3 lajatang of Change {slice, rN+ Stlth+}
 50909 | Elf:3    | Identified the ring "Cifiek" {Wiz +Blink rPois Int+3}
 50975 | Elf:2    | Reached skill level 15 in Crossbows
 51441 | Elf:3    | Received a gift from Nemelex Xobeh
 51521 | Elf:3    | Identified the Grimoire of Creative Translocation
 51533 | Elf:3    | Identified the Grimoire of Arcane Weapons and the Traveller
 51545 | Elf:3    | Identified the +5 quarterstaff "Ewibb" {venom, *Corrode
                  | rPois rF+} (You found it on level 3 of the Elven Halls)
 51628 | Elf:3    | Identified the +7 quarterstaff of Vetyinuirob {crush, rN+
                  | MR+ Str+3 Int-2}
 51630 | Elf:3    | Cast into level 2 of the Abyss (a deep elf sorcerer)
 51803 | Abyss:2  | Received a gift from Nemelex Xobeh
 51876 | Abyss:2  | Identified the Compendium of the Shifting Entourage
 52172 | Elf:3    | Escaped the Abyss
 52744 | Elf:2    | Bought a pair of glowing gloves for 195 gold pieces
 52767 | Elf:2    | Upgraded the game from 0.24-a0-67-ga78bd38d5a to
                  | 0.26-a0-1033-gd598b01645
 53514 | Depths:1 | Entered Level 1 of the Depths
 53687 | Depths:1 | You fall into a shaft and drop 1 floor!
 53689 | Depths:2 | Received a gift from Nemelex Xobeh
 53689 | Depths:2 | Found Sosk's Assorted Antiques.
 53697 | Depths:2 | Bought a potion of heal wounds for 185 gold pieces
 54037 | Depths:2 | Found a runed translucent door.
 54041 | Depths:2 | Found Luipesobb's Magic Scroll Shop.
 54046 | Depths:2 | Found Fotrejot's Gadget Emporium.
 54046 | Depths:2 | Found Marocw's Jewellery Boutique.
 54048 | Depths:2 | Found Kuavoqa's Gadget Emporium.
 54380 | Depths:2 | Received a gift from Nemelex Xobeh
 54543 | Depths:2 | Found a gateway to Hell.
 54607 | Depths:2 | Found Inur's Book Boutique.
 54784 | Depths:2 | Reached skill level 21 in Armour
 54885 | Depths:2 | Found Qaeczyz's Book Shop.
 56068 | Depths:1 | Upgraded the game from 0.26-a0-1033-gd598b01645 to
                  | 0.26-a0-1058-g8dc6ce00ff
 56081 | Depths:1 | Upgraded the game from 0.26-a0-1058-g8dc6ce00ff to
                  | 0.26-a0-1120-ga1b6d6fda9
 56087 | Depths:1 | Quit the game

Illustrated notes

Levels and vault maps discovered:
D:1:      lightli_arrival_isolated_outpost, minmay_gold_behind_fungi,
          st_stairs_12, nrook_uturn, minmay_misc_feat_four_crosses,
          roderic_nine_men_s_morris, minivault_25, hangedman_decor_points,
          kennysheep_another_room
D:2:      uniq_jessica
D:3:      trog_eyes_of_draining, gammafunk_ghost_necromancy, dk_xom_monty_hall,
          uniq_crazy_yiuf_cottage
D:4:      ebering_ghost_rock_garden
D:5:      gammafunk_temple_overflow_claw, old_standard_altar, temple_doors_e,
          first_ration
D:6:      minmay_misc_feat_encased, grunt_tough_drop, uniq_sigmund
D:7:      old_standard_altar, okawaru_humans, kennysheep_little_box,
          serial_shops, shop
D:8:      uniq_psyche
D:9:      lair_entry_dummy, orc_0_dummy
D:10:     erik_rubicon_a, uniq_josephine, uniq_harold
D:12:     portal_ice_cave_rime, serial_shops,
          nicolae_shop_competitors_out_of_business, grunt_livestock, uniq_fannar
D:13:     david_vaults_4, serial_shops, shop, maelrawn_ghost_gauntlet_escape,
          minivault_22, minmay_misc_feat_ornament
D:14:     nemelex_xobeh_ov_fountains_minmay, enter_trove_5, uniq_nessos,
          uniq_roxanne
D:15:     gammafunk_depths_entry_grave, serial_bayou_shore_b
Temple:   zaba_magenta_temple
Lair:1:   st_stairs_6, lemuel_fruit_tree, uniq_sonja
Lair:2:   uniq_urug
Lair:3:   chequers_serial_rivers_room_a, cheibrodos_lair_caveside_slide,
          grunt_megastairs_4, uniq_snorg
Lair:4:   minmay_swamp_entry_reptiles, minmay_snake_entry_guardpost_medium,
          minmay_shattered_shrine
Lair:5:   beast_lair_carwin_large_3, minmay_stone_trees_small
Lair:6:   evilmike_catoblepas_cave, slime_dummy, st_stairs_7,
          minmay_another_anthill, serial_bayou_shore_b
Swamp:1:  nicolae_swamp_round_clearing
Swamp:2:  nicolae_swamp_godswood, swamp_pool1, infiniplex_staircase_pool
Swamp:3:  serial_swamp_ruin, evilmike_swamp_ruin_house_4,
          evilmike_swamp_ruin_house_6, evilmike_swamp_ruin_rubble_2,
          swamp_pool1, uniq_kirke
Swamp:4:  swamp_old_school
Snake:1:  nicolae_snake_single_loop, chequers_hall_statues_y, uniq_nikola,
          uniq_azrael, uniq_rupert
Snake:2:  basic_altar, evilmike_ambush
Snake:3:  serial_shops, shop, basic_altar
Snake:4:  minmay_snake_end_coiled, grunt_ministairs_6
Orc:1:    nicolae_volcano_entry_vermiform
Orc:2:    st_orc_open, serial_shops, shop, elves_outpost_lemuel
Elf:1:    kennysheep_underground_church
Elf:2:    serial_shops, shop, shop, shop, shop, shop_fountains
Elf:3:    minmay_elf_hall_four_x, minivault_20, billiards_dpeg
Vaults:1: nicolae_vaults_ring_of_whatevers, nicolae_vaults_hallways_thing,
          v_misc_23, vaults_dpeg_ring, vaults_mumra_minichess,
          nicolae_vaults_three_branches, nicolae_vaults_ninety_degrees,
          v_misc_17, ontoclasm_vaults_spin, vaults_room_fours, vaults_room_pool,
          vaults_room_hallway, nicolae_vaults_alarming
Vaults:2: ontoclasm_vaults_ring_small, v_pattern_1, ontoclasm_vaults_shuriken,
          vaults_dpeg_diagonal, nicolae_vaults_meeting, blue_anna_dwarven_crypt,
          vaults_room_corners, vaults_room_corners, nicolae_vaults_gold_heap
Vaults:3: gammafunk_vaults_ghost_split, nicolae_vaults_little_ls,
          nicolae_vaults_circle_grid_b, st_squares, ontoclasm_vaults_ring_small,
          serial_ice_g, v_misc_8, hangedman_vaults_slice, vaults_dpeg_cross,
          grunt_vaults_diagonal, nicolae_vaults_theta, vaults_room_octagon,
          v_misc_12, serial_shops, nicolae_shop_window_shopping, shop_fountains,
          shop, uniq_saint_roka, uniq_margery
Vaults:4: ontoclasm_vaults_eye, v_misc_19, grunt_vaults_twisty, v_pattern_4,
          v_misc_30, vaults_room_corners, ontoclasm_vaults_twist, v_misc_23,
          nicolae_vaults_know_your_exits, nicolae_vaults_big_ls,
          vaults_room_grid, ontoclasm_vaults_ligature,
          grunt_vaults_hallway_short, nicolae_vaults_little_squares_2,
          nicolae_vaults_little_squares_6, serial_shops, shop, uniq_xtahua,
          uniq_jory, uniq_sojobo, uniq_boris
Vaults:5: serial_shops
Depths:1: layout_cave_shapes, pf_hell_entry_tar_spiral, minmay_misc_feat_chi,
          kennysheep_two_boxes
Depths:2: minmay_bubble_buster, layout_gridville, serial_shops, shop,
          shop_fountains, shop, nicolae_shop_waterfront,
          small_statue_intersection, hell_entry, minmay_st_funbox,
          lightli_corner_chamber, minmay_shop_grove

Skill      XL: |  1  2  3  4  5  6  7  8  9 10 11 12 13 14 15 16 17 18 19 20 21 22 23 24 |
---------------+-------------------------------------------------------------------------+-----
Shields        | 4 5 6 7 8 9 11 12 13 14 15 16 17 18 | 18.3
Armour         | 4 5 6 7 9 10 11 12 13 15 16 17 18 19 20 21 | 21.0
Fighting       | 4 5 6 7 9 10 11 12 13 14 15 16 17 18 19 | 19.2
Staves         | 3 4 5 6 8 9 10 11 12 13 14 15 16 17 | 17.8
Invocations    | 2 5 7 9 10 11 12 13 14 15 16 17 18 19 | 19.9
Crossbows      | 2 4 6 7 9 10 11 12 13 14 15 | 15.4

Action                   |  1- 3 |  4- 6 |  7- 9 | 10-12 | 13-15 | 16-18 | 19-21 | 22-24 || total
-------------------------+-------+-------+-------+-------+-------+-------+-------+-------++-------
Melee: Quarterstaff      |    77 |   132 |   448 |   342 |  1020 |  1483 |   731 |  1340 ||  5573
       Lajatang          |       |       |       |   489 |   169 |       |       |       ||   658
       Double sword      |       |       |       |       |       |       |    16 |       ||    16
       Arbalest          |       |       |       |       |       |       |       |     2 ||     2
 Fire: Arbalest          |       |       |       |       |       |   231 |   490 |   350 ||  1071
Invok: Deal Four         |       |       |       |     1 |       |     6 |     3 |     5 ||    15
       Stack Five        |       |       |       |       |     1 |       |       |       ||     1
       Triple Draw       |       |       |       |       |       |     2 |       |       ||     2
 Abil: Draw Destruction  |       |       |       |    11 |    42 |    14 |    30 |    30 ||   127
       No ability        |       |       |       |     7 |       |       |       |     2 ||     9
       Draw Summoning    |       |       |       |     6 |     8 |     3 |     6 |    13 ||    36
       Draw Escape       |       |       |       |       |     1 |       |       |     1 ||     2
       Draw Stack        |       |       |       |       |       |     1 |       |       ||     1
Evoke: Wand              |       |       |       |     5 |       |       |       |       ||     5
  Use: Scroll            |       |       |    18 |     9 |     6 |    10 |     1 |     8 ||    52
       Potion            |       |       |     1 |       |     2 |     6 |     1 |     2 ||    12
 Stab: Petrified         |       |       |       |       |    12 |     1 |       |     5 ||    18
       Petrifying        |       |       |       |       |       |     2 |       |     2 ||     4
       Distracted        |       |       |       |       |       |       |     1 |     2 ||     3
       Paralysed         |       |       |       |       |       |       |       |     3 ||     3
       Invisible         |       |       |       |       |       |       |       |     1 ||     1
  Eat: Removed food      |       |     4 |    15 |    16 |    29 |    30 |    18 |    20 ||   132
       Removed food      |       |       |       |     2 |       |     2 |     5 |     3 ||    12
Armor: Scale mail        |    34 |    72 |   130 |       |       |       |       |       ||   236
       Plate armour      |       |       |    61 |   395 |   653 |   779 |   297 |   343 ||  2528
Dodge: Dodged            |    29 |    46 |   127 |   186 |   230 |   334 |   138 |   151 ||  1241
       Repelled          |       |       |       |       |       |    14 |    38 |    25 ||    77
Block: Kite shield       |    60 |    60 |   230 |   467 |   643 |   912 |   297 |       ||  2669
       Tower shield      |       |       |       |       |       |       |   713 |  1305 ||  2018
       Reflection        |       |       |       |       |       |       |   165 |   123 ||   288

Table legend: (Time is in decaauts)
 A = Elapsed time spent in this place.
 B = Non-inter-level travel time spent in this place.
 C = Inter-level travel time spent in this place.
 D = Time resting spent in this place.
 E = Time spent auto-exploring this place.
 F = Levels seen in this place.
 G = Mean time per level.
                   A        B        C        D        E       F      G
               +--------+--------+--------+--------+--------+-----+--------+
         Total |  55038 |  51160 |   3878 |  12131 |  24437 |  45 | 1223.1 |
       Dungeon |  16877 |  15087 |   1790 |   3205 |   7380 |  15 | 1125.1 |
        Temple |     70 |     70 |      0 |      0 |     47 |   1 |   70.0 |
          Lair |   6962 |   6232 |    730 |    736 |   3483 |   6 | 1160.3 |
         Swamp |   4834 |   4539 |    295 |   1136 |   2127 |   4 | 1208.5 |
     Snake Pit |   5807 |   5633 |    174 |   1493 |   2961 |   4 | 1451.8 |
  Orcish Mines |   2348 |   2071 |    277 |    318 |    998 |   2 | 1174.0 |
   Elven Halls |   5270 |   5037 |    233 |   1736 |   1799 |   3 | 1756.7 |
        Vaults |   8195 |   7885 |    310 |   2485 |   3530 |   5 | 1639.0 |
        Depths |   2420 |   2353 |     67 |      0 |   1850 |   2 | 1210.0 |
         Abyss |    468 |    468 |      0 |    170 |     79 |   1 |  468.0 |
      Ice Cave |   1282 |   1282 |      0 |    736 |     84 |   1 | 1282.0 |
       Volcano |    500 |    500 |      0 |    116 |     98 |   1 |  500.0 |
               +--------+--------+--------+--------+--------+-----+--------+

Top non-repeatable levels by time:
Depths:1: 1220 daAuts
Depths:2: 1200 daAuts
   Elf:3: 225 daAuts
  Lair:3: 61 daAuts
  Lair:1: 51 daAuts
    D:12: 50 daAuts
   Orc:1: 49 daAuts
    D:10: 47 daAuts
     D:9: 44 daAuts
   Elf:2: 36 daAuts
  Lair:4: 35 daAuts
   Orc:2: 33 daAuts
    D:15: 29 daAuts
    D:11: 24 daAuts
  Lair:2: 23 daAuts
Note: time per level data comes from an upgraded game and may be incomplete.
